 Dungeon Crawl Stone Soup version 0.28.0-1-gb440e238dd (webtiles) character file.

Game seed: 9008878199257906737

56 zeram the Shield-Bearer (level 3, -1/39 HPs)
             Began as an Octopode Fighter on Feb 20, 2022.
             Succumbed to an adder's poison
             ... on level 2 of the Dungeon.
             The game lasted 00:01:38 (1408 turns).

zeram the Shield-Bearer (Octopode Fighter)          Turns: 1408, Time: 00:01:38

Health: -1/39      AC: 21    Str: 15    XL:     3   Next: 97%
Magic:  3/3        EV:  2    Int: 12    God:
Gold:   29         SH:  4    Dex: 11    Spells: 2/2 levels left

rFire   . . .      SeeInvis .   a - +0 trident
rCold   . . .      Faith    .   b - +0 buckler
rNeg    . . .      Spirit   .   (helmet currently unavailable)
rPois   +          Reflect  .   (no amulet)
rElec   .          Harm     .   (no ring)
rCorr   .          Rampage  .   (no ring)
Will    .....      NoTele   +   (no ring)
Stlth   +.........              (no ring)
HPRegen 0.13/turn               (no ring)
MPRegen 0.08/turn               (no ring)
                                (no ring)
                                (no ring)

@: mighty, lethally poisoned (-1 -> -4), tree-form
A: stationary, stasis, torment immunity, boosted hp, almost no armour,
(amphibious), 8 rings, (camouflage 1), (gelatinous body 1), (nimble swimmer 1),
(tentacles)
a: no special abilities


You were on level 2 of the Dungeon.
You were a tree.
You visited 1 branch of the dungeon, and saw 2 of its levels.

You collected 29 gold pieces.

Inventory:

Hand Weapons
 a - a +0 trident (weapon)
Armour
 b - a +0 buckler (worn)
Scrolls
 d - a scroll of blinking
 e - a scroll of immolation
 g - a scroll of vulnerability {unknown}


   Skills:
 - Level 3.0 Fighting
 + Level 2.9 Polearms
 + Level 3.5 Dodging
 + Level 3.7 Shields


You had 2 spell levels left.
You didn't know any spells.
Your spell library contained the following spells:

 Spells                   Type           Power      Damage    Failure   Level
 Sandblast                Erth           0%         2d4       41%         1
 Passwall                 Tmut/Erth      0%         N/A       54%         2
 Stone Arrow              Conj/Erth      0%         3d7       78%         3


Dungeon Overview and Level Annotations

Branches:
Dungeon (2/15)

Altars:


Innate Abilities, Weirdness & Mutations

You are a tree.
Your roots penetrate the ground, keeping you stationary.
You cannot be teleported.
You are immune to unholy pain and torment.
Your maximum health is greatly increased.
You cannot wear most types of armour.
((You are amphibious.))
You can wear up to eight rings at the same time.
((Your skin changes colour to match your surroundings (Stealth+).))
((Your rubbery body absorbs attacks. (AC +1, EV +1)))
((You are camouflaged when in or above water. (Stealth+)))
((You have tentacles for arms and can constrict up to eight enemies at once.))


Message History

The adder is heavily wounded.
The ball python closely misses you. You block the ball python's attack.
The adder bites you.
You are poisoned.
The adder poisons you!
You hit the adder but do no damage. Your grab misses the adder.
Your squeeze misses the adder.
The adder is heavily wounded.
You feel sick. The ball python misses you. The ball python closely misses you.
The adder misses you. The ball python bites you. The ball python grabs you.
The ball python constricts you. The adder bites you.
You are lethally poisoned!
The adder poisons you!
You are too injured to fight recklessly!
You escape the ball python's grasp.
* * * LOW HITPOINT WARNING * * *
You feel sick.
There is an open door here.
* * * LOW HITPOINT WARNING * * *
You feel sick.
It was a potion of lignification.
You turn into a tree.
Your roots penetrate the ground.
You feel sick. The adder bites you.
* * * LOW HITPOINT WARNING * * *
You are lethally poisoned!
The adder poisons you!
You closely miss the adder.
The adder is heavily wounded.
* * * LOW HITPOINT WARNING * * *
You feel sick.
The adder bites you but does no damage. x2
You completely miss the adder.
The adder is heavily wounded.
* * * LOW HITPOINT WARNING * * *
You feel sick. The adder bites you but does no damage.
You block the adder's attack.
You feel very mighty all of a sudden.
* * * LOW HITPOINT WARNING * * *
You feel sick. You block the adder's attack.
You miss the adder.
The adder is heavily wounded.
You die...

#+# ########. #.#
#..!..... ##### ####.#
#........ ....# #....#
#........ ###.######.#..#
#........ #.......#....#
#.......#
##...###.....#####S......#
................♣SS......+
##.#.###.....#.###.......#
#.#..##...).#.# #########
#.##.########.# #.##..#
#...#'########
##.###.###............#
...# #..##............#
#### ##.####..........#
...####..###..........#


You could see 2 adders and a ball python.

Vanquished Creatures
  A gnoll (D:1)
  3 dart slugs
  3 endoplasms
  A giant cockroach (D:1)
  3 goblins
  2 hobgoblins (D:1)
  3 quokkas
  5 ball pythons (D:1)
  5 bats
  5 frilled lizards
  6 kobolds (D:1)
  2 rats (D:1)
39 creatures vanquished.

Notes
Turn   | Place    | Note
-------+----------+-------------------------------------------
     0 | D:1      | zeram the Octopode Fighter began the quest for the Orb.
     0 | D:1      | Reached XP level 1. HP: 16/16 MP: 1/1
    20 | D:1      | Reached XP level 2. HP: 21/21 MP: 2/2
   525 | D:1      | Reached XP level 3. HP: 26/26 MP: 3/3
   539 | D:1      | Found a faded altar of an unknown god.
  1407 | D:2      | HP: 1/39 [poisoned by an adder]
  1408 | D:2      | Succumbed to an adder's poison

Illustrated notes

Levels and vault maps discovered:
D:1:      amcnicky_arrival_gap_in_the_tavern_cellar, layout_basic,
          hellmonk_ecumenical_altar_arch_garden
D:2:      layout_basic, uniq_crazy_yiuf_cottage

Action                   || total
-------------------------++-------
Melee: Trident           ||    76
       Constrict         ||    14
       Tentacles         ||     6
       Punch             ||     1
  Use: Scroll            ||     2
       Potion            ||     2
 Stab: Sleeping          ||     7
Armor: Skin              ||     6
Dodge: Dodged            ||    26
Block: Buckler           ||    14
